 Dungeon Crawl Stone Soup version 0.31-a0-955-gcb8bc90ed4 (webtiles) character file.

Game seed: 2594972592893759810

35 Conn the Sneak (level 3, -7/21 HPs)
             Began as an Octopode Fire Elementalist on Oct 22, 2023.
             Mangled by a gnoll
             ... wielding a +0 spear
             ... led by a gnoll bouda
              (10 damage)
             ... on level 2 of the Dungeon.
             The game lasted 00:01:51 (1052 turns).

Conn the Sneak (Octopode Fire Elementalist)         Turns: 1052, Time: 00:01:52

Health: -7/21      AC:  1    Str:  7    XL:     3   Next: 33%
Magic:  6/6        EV: 13    Int: 19    God:
Gold:   40         SH:  0    Dex: 12    Spells: 0/6 levels left

rFire   . . .        b - +0 dagger
rCold   . . .        (no shield)
rNeg    . . .        (helmet restricted)
rPois   +            (no amulet)
rElec   .            d - ring of poison resistance
rCorr   .            (no ring)
SInv    .            (no ring)
Will    .....        (no ring)
Stlth   +++          (no ring)
HPRegen 0.23/turn    (no ring)
MPRegen 0.10/turn    (no ring)
                     (no ring)

%: no passive effects
@: no status effects
A: almost no armour, amphibious, 8 rings, camouflage 1, gelatinous body 1,
(nimble swimmer 1), tentacles
a: no special abilities


You were on level 2 of the Dungeon.
You visited 1 branch of the dungeon, and saw 2 of its levels.

You collected 40 gold pieces.

Inventory:

Hand Weapons
 b - a +0 dagger (weapon)
Jewellery
 d - a ring of poison resistance (left tentacle)
Potions
 a - a potion of magic
 c - 2 potions of heal wounds {unknown}
 e - a potion of berserk rage {unknown}


   Skills:
 + Level 2.3 Dodging
 + Level 3.3 Stealth
 + Level 2.3 Spellcasting
 + Level 1.5 Conjurations
 + Level 0.2 Hexes
 + Level 3.2 Fire Magic


You couldn't memorise any spells.
You knew the following spells:

 Your Spells              Type           Power      Damage    Failure   Level
a - Foxfire               Conj/Fire      44%        2x1d6     6%          1
b - Scorch                Fire           28%        2d6       6%          2
c - Inner Flame           Hex/Fire       8%         N/A       24%         3

Your spell library contained the following spells:

 Spells                   Type           Power      Damage    Failure   Level
 Volatile Blastmotes      Fire/Tloc      16%        2d11      26%         3
 Flame Wave               Conj/Fire      11%        2d6       52%         4


Dungeon Overview and Level Annotations

Branches:
Dungeon (2/15)

Altars:


Innate Abilities, Weirdness & Mutations

You cannot wear most types of armour.
You are amphibious.
You can wear up to eight rings at the same time.
Your skin changes colour to match your surroundings (Stealth+).
Your rubbery body absorbs attacks. (AC +1, EV +1)
((You are camouflaged when in or above water. (Stealth+)))
You have tentacles for arms and can constrict up to eight enemies at once.


Message History

You see here a worm corpse.
Unknown command.
Your magical contamination has completely faded away.
A bat is nearby!
Casting: Foxfire (safe; 6% risk of failure)
Confirm with . or Enter, or press ? or * to list all spells.
You conjure some foxfire!
The foxfire hits the bat.
The bat is moderately wounded.
Unknown command.
The foxfire hits the bat.
You kill the bat!
Unknown command.
Magic restored.
You open the door. 2 gnolls come into view.
A gnoll bouda and 3 gnolls come into view.
A gnoll is wielding a +0 flail.
Found a club.
Found an escape hatch in the floor.
The gnoll shouts! x2
The gnoll throws a throwing net.
The throwing net hits you.
You become entangled in the net!
The gnoll bouda shouts!
The gnoll shouts!
There is an open door here.
You see here a throwing net.
You struggle against the net.
The gnoll shouts!
The gnoll bouda barks out a call to the hunt!
The gnolls pick up the pace!
A frilled lizard comes into view.
You struggle against the net.
You struggle against the net.
You struggle against the net.
You rip the net and break free!
The gnoll hits you with a +0 whip. The gnoll barely misses you.
The gnoll attacks as it pursues you!
The gnoll hits you from afar with a +0 spear.
The gnoll hits you with a +0 flail!
* * * LOW HITPOINT WARNING * * *
The gnoll hits you from afar with a +0 spear!
You die...

....# #
###.l..# #.
..#....###
.###.#).>.'.
....#....#
#..#g...+
#..#gg..##
#..ggg...#
##.@#.....#
#<#†#.###.#
#.#.#.#
#.#.#.#
#......
####... ...
). ..b


You could see a gnoll bouda and 5 gnolls.

Vanquished Creatures
  A worm (D:2)
  A dart slug (D:1)
  3 ball pythons (D:1)
  An endoplasm (D:1)
  A giant cockroach (D:1)
  3 goblins (D:1)
  2 hobgoblins
  2 jackals (D:2)
  4 kobolds (D:1)
  2 quokkas
  3 bats
  2 frilled lizards (D:1)
  3 rats (D:1)
28 creatures vanquished.

Vanquished Creatures (others)
  50 foxfires
50 creatures vanquished.

Grand Total: 78 creatures vanquished

Notes
Turn   | Place    | Note
-------+----------+-------------------------------------------
     0 | D:1      | Conn the Octopode Fire Elementalist began the quest for the
                  | Orb.
     0 | D:1      | Reached XP level 1. HP: 11/11 MP: 3/3
   129 | D:1      | Reached XP level 2. HP: 9/17 MP: 1/5
   487 | D:1      | Found a faded altar of an unknown god.
   742 | D:1      | Reached XP level 3. HP: 21/21 MP: 2/6
   935 | D:1      | Learned a level 2 spell: Scorch
   939 | D:1      | Learned a level 3 spell: Inner Flame
  1052 | D:2      | Mangled by a gnoll

Illustrated notes

Levels and vault maps discovered:
D:1:      reono_arrival_mine, layout_basic, dreamdust_ecumenical_altar_grove,
          minmay_fountain_box
D:2:      layout_basic

Skill      XL: |  1  2 |
---------------+-------+-----
Stealth        | 3 |  3.3
Dodging        | |  2.3
Spellcasting   | |  2.3
Conjurations   | |  1.5
Hexes          | |  0.2
Fire Magic     | |  3.2

Action                     || total
---------------------------++-------
  Melee: Unarmed           ||     4
         Dagger            ||    27
         Constrict         ||    11
         Tentacles         ||     5
   Cast: Foxfire           ||    29
   Stab: Sleeping          ||     3
 Armour: Skin              ||    15
  Dodge: Dodged            ||    16

Table legend: (Time is in decaauts)
 A = Elapsed time spent in this place.
 B = Non-inter-level travel time spent in this place.
 C = Inter-level travel time spent in this place.
 D = Time resting spent in this place.
 E = Time spent auto-exploring this place.
 F = Levels seen in this place.
 G = Mean time per level.
                   A        B        C        D        E       F      G
               +--------+--------+--------+--------+--------+-----+--------+
         Total |   1050 |   1036 |     14 |      0 |    802 |   2 |  525.0 |
       Dungeon |   1050 |   1036 |     14 |      0 |    802 |   2 |  525.0 |
               +--------+--------+--------+--------+--------+-----+--------+

Top non-repeatable levels by time:
     D:1: 956 daAuts
     D:2: 94 daAuts
